 Dungeon Crawl Stone Soup version 0.27.1-4-g1640c2035a (webtiles) character file.

Game seed: 6147972686612068018

3254 Johnny the Carver (level 10, -2/79 HPs)
             Began as a Human Berserker on Nov 1, 2021.
             Was an Elder of Trog.
             Slain by a rakshasa (illusionary) (11 damage)
             ... on level 1 of the Abyss.
             The game lasted 00:09:30 (9153 turns).

Johnny the Carver (Human Berserker)                 Turns: 9153, Time: 00:09:31

Health: -2/79      AC:  6    Str: 21    XL:     10   Next: 19%
Magic:  10/10      EV: 16    Int:  8    God:    Trog [****..]
Gold:   384        SH:  0    Dex: 12    Spells: 9/9 levels left

rFire    . . .     SeeInvis .   v - +5 long sword
rCold    . . .     Faith    .   (no shield)
rNeg     . . .     Spirit   .   C - +2 leather armour {rPois}
rPois    +         Reflect  .   m - +0 helmet
rElec    .         Harm     .   (no cloak)
rCorr    .         Rampage  .   (no gloves)
Will     ++...                  (no boots)
Stlth    +.........             (no amulet)
HPRegen  1.23/turn              u - +4 ring of evasion
MPRegen  0.12/turn              (no ring)

@: strong-willed, on berserk cooldown, attractive, flying, regenerating, hasted
and slowed
A: no striking features
a: Renounce Religion, Berserk, Trog's Hand, Brothers in Arms


You were on level 1 of the Abyss.
You worshipped Trog.
Trog was greatly pleased with you.
You visited 2 branches of the dungeon, and saw 7 of its levels.
You visited the Abyss 1 time.
You also visited: Sewer.

You collected 384 gold pieces.

Inventory:

Hand Weapons
 v - a +5 long sword (weapon)
 D - a +0 great sword
Armour
 m - a +0 helmet (worn)
 C - a +2 leather armour of poison resistance (worn)
Jewellery
 l - a ring of magical power
 u - a +4 ring of evasion (left hand)
Scrolls
 a - a scroll of silence
 p - 2 scrolls of immolation
 r - a scroll of vulnerability
 x - 2 scrolls of magic mapping
 A - a scroll of fog
Potions
 c - 4 potions of mutation
 d - 4 potions of cancellation
 g - a potion of berserk rage
 h - 2 potions of brilliance
 t - a potion of magic


   Skills:
 - Level 7.5 Fighting
 * Level 12.0 Long Blades
 - Level 2.0 Armour
 - Level 2.0 Dodging


You had 9 spell levels left.
You didn't know any spells.
Your spell library was empty.

Dungeon Overview and Level Annotations

Branches:
Dungeon (6/15)             Temple (1/1) D:4           Sewer (visited)

Altars:
Ashenzari
Cheibriados
Dithmenos
Fedhas
Kikubaaqudgha
Okawaru
Qazlal
Ru
Vehumet
Lugonu

Shops:
D:2 [   D:4 (

Portals:
Abyss: D:3

Annotations:
D:3 2 transporters, Cykl0x's ghost, amateur MiFi
D:5 3 runed translucent doors, Atelerd's ghost, novice OpEE; Cykl0x's ghost, novice MiFi; H0rd4k's ghost, novice HuAr; larifari's ghost, amateur DsVM
Abyss:1 3 runed translucent doors


Message History

You hit the rakshasa.
The rakshasa is moderately wounded.
The fire bat closely misses you. The fire bat misses you.
You riposte.
You barely miss the fire bat. The rakshasa closely misses you.
You hit the rakshasa but do no damage.
The rakshasa is moderately wounded.
The fire bat closely misses you.
Unknown command.
You closely miss the rakshasa.
The rakshasa is moderately wounded.
The rakshasa completely misses you.
The small abomination hits you but does no damage.
You closely miss the rakshasa.
The rakshasa is moderately wounded.
The rakshasa closely misses you. The small abomination misses you.
Unknown command.
You slash the rakshasa!
The rakshasa is heavily wounded.
The rakshasa closely misses you.
It was a potion of attraction.
You feel attractive to monsters. The rakshasa closely misses you.
It was a potion of flight.
You feel very buoyant.
You fly up into the air.
The rakshasa hits you with a +0 long sword!
* * * LOW HITPOINT WARNING * * *
The rakshasa barely misses you.
Okay, then.
You fail to use your ability.
The rakshasa completely misses you. The rakshasa barely misses you.
Unknown command.
You fail to use your ability.
The rakshasa hits you with a +0 long sword!
* * * LOW HITPOINT WARNING * * *
The rakshasa misses you.
You riposte.
You closely miss the rakshasa.
The rakshasa is lightly wounded.
You fail to use your ability.
The rakshasa completely misses you.
The rakshasa hits you with a +0 long sword!
You die...

#.... .. ..
.. #.
.####x... .
.#.#.#... .
.. .# #..
#.....#.
##.#.##...##
# # .
ยง###.###
...
....#...## #
# ## ...#.


#bRR# .. .#..# R .#@# .. #.. ......### # ####### ...### .#. .### # #...# . . .
####. # . # ... You could see 2 rakshasas and a fire bat.

Vanquished Creatures
  A smoke demon (Abyss:1)
  A gargoyle (D:5)
  Grinder (D:3)
  A ynoxinul (Abyss:1)
  A large abomination (Abyss:1)
  An acid dragon (D:6)
  A water moccasin (D:6)
  2 small abominations (Abyss:1)
  An ice beast (D:6)
  A sky beast (D:5)
  A black bear (D:5)
  A necrophage (D:6)
  An ogre (D:6)
  A phantom (D:5)
  A kobold brigand (D:6)
  A bullfrog (D:4)
  2 scorpions (D:6)
  A water moccasin skeleton (D:6)
  3 wights (D:6)
  2 centaur zombies
  2 jellies (D:4)
  An orc priest (D:2)
  A gnoll shaman (D:5)
  A hound (D:5)
  An iron imp (Abyss:1)
  5 iguanas
  2 orc wizards
  A hound skeleton (D:4)
  A howler monkey zombie (D:5)
  6 gnolls (D:5)
  11 adders
  7 river rats (Sewer)
  2 worms
  2 dart slugs
  9 orcs
  15 ball pythons
  4 bats
  9 endoplasms
  3 giant cockroaches
  10 goblins
  11 hobgoblins
  32 kobolds
  3 quokkas
  7 frilled lizards
  23 rats
194 creatures vanquished.

Vanquished Creatures (others)
  A small abomination (Abyss:1)
  25 plants (D:5)
  2 withered plants (D:5)
28 creatures vanquished.

Grand Total: 222 creatures vanquished

Notes
Turn   | Place    | Note
-------+----------+-------------------------------------------
     0 | D:1      | Johnny the Human Berserker began the quest for the Orb.
     0 | D:1      | Reached XP level 1. HP: 18/18 MP: 1/1
   502 | D:1      | You fall into a shaft and drop 1 floor!
   502 | D:2      | Found a faded altar of an unknown god.
   522 | D:2      | Reached XP level 2. HP: 14/22 MP: 2/2
   694 | D:2      | Reached XP level 3. HP: 27/29 MP: 3/3
   854 | D:2      | Reached skill level 4 in Long Blades
   939 | D:2      | Reached XP level 4. HP: 37/37 MP: 4/4
  1594 | D:2      | Found Fuzuer's Armour Shop.
  1800 | D:2      | Reached ** piety under Trog
  1927 | D:1      | Reached XP level 5. HP: 28/42 MP: 5/5
  3123 | D:3      | Found a transporter.
  3142 | D:3      | Found a one-way gate to the infinite horrors of the Abyss.
  3142 | D:3      | Noticed Cykl0x's ghost (amateur MiFi)
  3142 | D:3      | Noticed a small abomination
  3160 | D:3      | Found a transporter.
  3337 | D:3      | Found a stormy altar of Qazlal.
  3345 | D:3      | Noticed Grinder
  3362 | D:3      | Killed Grinder
  3363 | D:3      | Reached skill level 6 in Long Blades
  3363 | D:3      | Reached XP level 6. HP: 49/49 MP: 6/6
  3600 | D:3      | Found a sacrificial altar of Ru.
  3624 | D:3      | Reached XP level 7. HP: 55/55 MP: 7/7
  3646 | D:3      | Found an iron altar of Okawaru.
  3646 | D:3      | Found an ancient bone altar of Kikubaaqudgha.
  4124 | D:4      | Found Ocseurer's Antique Weapon Emporium.
  4211 | D:4      | Found a glowing drain.
  4235 | Sewer    | Entered a sewer
  4308 | Sewer    | Reached *** piety under Trog
  4532 | Sewer    | Reached skill level 5 in Fighting
  5239 | D:4      | Reached **** piety under Trog
  5478 | D:4      | Found a shadowy altar of Dithmenos.
  5486 | D:4      | Reached skill level 7 in Long Blades
  5638 | D:4      | Found a broken altar of Ashenzari.
  5783 | D:4      | Found a staircase to the Ecumenical Temple.
  6350 | Temple   | Entered the Ecumenical Temple
  6374 | D:5      | Entered Level 5 of the Dungeon
  6417 | D:5      | Reached XP level 8. HP: 46/63 MP: 8/8
  6800 | D:5      | Reached skill level 8 in Long Blades
  7100 | D:5      | Found a runed translucent gate.
  7109 | D:5      | Found a runed translucent gate.
  7110 | D:5      | Found a runed translucent gate.
  7114 | D:5      | Noticed H0rd4k's ghost (novice HuAr)
  7114 | D:5      | Noticed larifari's ghost (amateur DsVM)
  7114 | D:5      | Noticed Cykl0x's ghost (novice MiFi)
  7114 | D:5      | Noticed Atelerd's ghost (novice OpEE)
  7613 | D:6      | Reached skill level 9 in Long Blades
  7743 | D:6      | Noticed a gargoyle
  7749 | D:6      | Reached XP level 9. HP: 71/71 MP: 9/9
  8049 | D:6      | Found a large runed translucent door.
  8049 | D:6      | Found a large runed translucent door.
  8052 | D:6      | Found a corrupted altar of Lugonu.
  8156 | D:5      | Killed a gargoyle
  8157 | D:5      | Reached skill level 10 in Long Blades
  8253 | D:6      | Found a snail-covered altar of Cheibriados.
  8791 | D:6      | Cast into level 1 of the Abyss (kobold)
  8801 | Abyss:1  | Found a runed translucent gate.
  8801 | Abyss:1  | Found a runed translucent gate.
  8802 | Abyss:1  | Found a runed translucent gate.
  8852 | Abyss:1  | Noticed a worldbinder
  8853 | Abyss:1  | Noticed a deep elf zephyrmancer
  8853 | Abyss:1  | Noticed a deep elf archer
  8862 | Abyss:1  | Noticed a deep elf zephyrmancer
  8862 | Abyss:1  | Noticed a deep elf pyromancer
  8862 | Abyss:1  | Noticed a deep elf archer
  9020 | Abyss:1  | Reached skill level 11 in Long Blades
  9097 | Abyss:1  | Noticed a smoke demon
  9104 | Abyss:1  | Killed a smoke demon
  9105 | Abyss:1  | Reached XP level 10. HP: 76/79 MP: 10/10
  9115 | Abyss:1  | Noticed a rakshasa
  9137 | Abyss:1  | Reached skill level 12 in Long Blades
  9153 | Abyss:1  | Slain by a rakshasa (illusionary)

Illustrated notes

Levels and vault maps discovered:
D:1:      mrwooster_arrival_statue_3, layout_basic,
          chequers_serial_rivers_room_b
D:2:      layout_loops_ring, serial_shops, shop,
          hellmonk_ecumenical_altar_crossroads
D:3:      cheibrodos_greedy_goblins, layout_basic, lemuel_doored_altar,
          amcnicky_altar_gilded, gammafunk_temple_overflow_elements,
          gammafunk_ghost_abyssal_escape, skrybe_limestone_x,
          minmay_misc_feat_pillars, uniq_grinder
D:4:      layout_layer_cave, kennysheep_mini_moat,
          nicolae_dithmenos_through_a_glass_darkly, minmay_temple_entry_tees,
          portal_sewer_entry_b, serial_shops, nicolae_stop_n_shop_2,
          corexii_item_surrounded_by_moat, minmay_close_crescents
D:5:      layout_basic, gammafunk_ghost_cemetery, serial_bayou_lagoon_a
D:6:      due_chaos_kobolds, layout_rooms, kennysheep_slug_shrine,
          minmay_unpleasant_kobolds
Temple:   nicolae_temple_hex_pool
Abyss:1:  base:
D:5

Skill      XL: |  1  2  3  4  5  6  7  8  9 10 |
---------------+-------------------------------+-----
Long Blades    | 4 6 7 9 11 12 | 12.0
Fighting       | 4 5 6 7 |  7.5
Armour         | |  2.0
Dodging        | |  2.0

Action                   |  1- 3 |  4- 6 |  7- 9 | 10-12 || total
-------------------------+-------+-------+-------+-------++-------
Melee: Falchion          |     7 |       |       |       ||     7
       Dagger            |    30 |   154 |   451 |       ||   635
       Long sword        |       |       |    82 |    17 ||    99
Invok: Berserk           |     2 |     2 |    15 |     1 ||    20
       Trog's Hand       |       |     3 |     8 |     1 ||    12
  Use: Scroll            |       |     5 |    12 |     1 ||    18
       Potion            |       |       |     7 |     4 ||    11
 Stab: Sleeping          |       |     1 |       |       ||     1
       Invisible         |       |       |     3 |       ||     3
Armor: Animal skin       |    13 |    17 |       |       ||    30
       Ring mail         |       |    25 |   159 |       ||   184
       Leather armour    |       |       |    26 |     4 ||    30
Dodge: Dodged            |    24 |    84 |   333 |    36 ||   477
       Rpst.: Falchion   |     1 |       |       |       ||     1
       Long sword        |       |       |    19 |     9 ||    28
